 Dungeon Crawl Stone Soup version 0.26-a0-1040-gbe3abf3417 (webtiles) character file.

Game seed: 7870568395200206149

169 Dracia the Spear-Bearer (level 5, -5/38 HPs)
             Began as a Merfolk Gladiator on Dec 11, 2020.
             Killed from afar by an orc wizard (6 damage)
             ... with a puff of flame
             ... on level 3 of the Dungeon.
             The game lasted 00:02:51 (1701 turns).

Dracia the Spear-Bearer (Merfolk Gladiator)         Turns: 1701, Time: 00:02:53

Health: -5/38      AC:  6    Str: 13 (14) XL:     5   Next: 50%
Magic:  4/4        EV: 13    Int:  7 (8)  God:
Gold:   29         SH:  0    Dex: 14 (16) Spells: 4/4 levels left

rFire    . . .     SeeInvis .   a - +1 trident
rCold    + . .     Faith    .   (no shield)
rNeg     . . .     Spirit   .   b - +0 leather armour
rPois    .         Reflect  .   r - +0 helmet
rElec    .         Harm     .   (no cloak)
rCorr    +         Rampage  .   (no gloves)
Will     +....                  p - +1 pair of boots
Stlth    +.........             g - amulet of regeneration
HPRegen  0.52/turn              C - ring of protection from cold
MPRegen  0.09/turn              R - ring of resist corrosion

@: no status effects
A: change form in water, swift swim, stealthy swim, deterioration 1, low mp 1,
strong-willed 1, MP-powered wands
a: no special abilities


You were on level 3 of the Dungeon.
You visited 1 branch of the dungeon, and saw 3 of its levels.

You collected 29 gold pieces.


Innate Abilities, Weirdness & Mutations

You revert to your normal form in water.
You are very nimble and swift while swimming.
You are very stealthy in the water. (Stealth+)
Your body sometimes deteriorates upon taking damage.
Your magical capacity is low. (-10% MP)
You are strong-willed. (Will+)
You expend magic power (3 MP) to strengthen your wands.


   Skills:
 - Level 2.1 Fighting
 + Level 8.7 Polearms
 - Level 2.0 Throwing
 - Level 4.0 Dodging


You had 4 spell levels left.
You didn't know any spells.
Your spell library was empty.

Inventory:

Hand Weapons
 a - a +1 trident (weapon)
Missiles
 d - 3 throwing nets (quivered) {=f=f}
 e - 3 datura-tipped darts
 n - 14 poisoned darts
Armour
 b - a +0 leather armour (worn)
 p - a +1 pair of boots (worn)
 r - a +0 helmet (worn)
Jewellery
 c - an uncursed ring of protection from cold
 g - an amulet of regeneration (around neck)
 i - an uncursed amulet of magic regeneration
 t - an uncursed ring of attention
 C - a ring of protection from cold (left hand)
 R - a ring of resist corrosion (right hand)
Wands
 s - a wand of iceblast (6)
Scrolls
 f - 2 scrolls of magic mapping
 j - 2 scrolls of identify {@r1@r1}

Dungeon Overview and Level Annotations

Branches:
Dungeon (3/15)

Altars:
Dithmenos

Annotations:
D:3 Grinder

#########***********#
#.......,,,,,,,,,,,..
#....#*************.#
##..o@# *,*
#...o#######** *,,
#.........?.,* ***
#...........,*********
#.>.........,,,,,,,,,,
#...........,*********
#...........,*
#.†..#######**
######.###


You could see an orc wizard and an orc.


Message History

Grinder hits you.
* * * LOW HITPOINT WARNING * * *
You writhe in agony.
* * * LOW HITPOINT WARNING * * *
Grinder gestures at you. You resist with almost no effort.
You completely miss something.
Grinder blinks!
The orc misses you. Something hits you.
* * * LOW HITPOINT WARNING * * *
You bump into the rock wall.
Something hits you.
* * * LOW HITPOINT WARNING * * *
The orc misses you. Something hits you.
* * * LOW HITPOINT WARNING * * *
You bump into the rock wall.
You feel less invigorated.
You feel less confused. The orc barely misses you. Something hits you.
* * * LOW HITPOINT WARNING * * *
You closely miss something. Something hits you.
* * * LOW HITPOINT WARNING * * *
The orc closely misses you.
You closely miss something.
An orc wizard appears from thin air!
Reactivating autopickup.
The orc wizard hits you but does no damage.
You hit the orc wizard.
The orc wizard is moderately wounded.
The orc hits you with a +0 flail!
* * * LOW HITPOINT WARNING * * *
The orc wizard casts a spell at you. The puff of flame hits you.
You die...

Skill      XL: |  1  2  3  4 |
---------------+-------------+-----
Polearms       | 5 6 7 8 |  8.7
Fighting       | |  2.1
Throwing       | |  2.0
Dodging        | |  4.0

Action                   |  1- 3 |  4- 6 || total
-------------------------+-------+-------++-------
Melee: Trident           |   120 |    43 ||   163
  Use: Scroll            |       |     6 ||     6
       Potion            |       |     2 ||     2
 Stab: Sleeping          |     1 |       ||     1
Armor: Leather armour    |    28 |    14 ||    42
Dodge: Dodged            |    54 |    24 ||    78

Levels and vault maps discovered:
D:1:      lightli_arrival_flooded_house, layout_basic, minmay_misc_feat_square
D:2:      layout_basic
D:3:      layout_basic, lemuel_crystal_altar, serial_forest,
          infiniplex_forest_clump_diagonal, infiniplex_forest_lined_3,
          infiniplex_forest_lined_3, infiniplex_forest_clump_long, uniq_grinder,
          uniq_ijyb

Notes
Turn   | Place    | Note
-------+----------+-------------------------------------------
     0 | D:1      | Dracia the Merfolk Gladiator began the quest for the Orb.
     0 | D:1      | Reached XP level 1. HP: 16/16 MP: 1/1
   136 | D:1      | Reached skill level 5 in Polearms
   188 | D:1      | Reached XP level 2. HP: 11/22 MP: 2/2
   677 | D:2      | Reached skill level 6 in Polearms
   677 | D:2      | Reached XP level 3. HP: 22/27 MP: 3/3
  1360 | D:3      | Found a shadowy altar of Dithmenos.
  1393 | D:3      | Noticed Ijyb
  1411 | D:3      | Killed Ijyb
  1412 | D:3      | Reached skill level 7 in Polearms
  1412 | D:3      | Reached XP level 4. HP: 15/33 MP: 4/4
  1454 | D:3      | Noticed a centaur
  1468 | D:3      | Killed a centaur
  1469 | D:3      | Reached skill level 8 in Polearms
  1469 | D:3      | Reached XP level 5. HP: 29/38 MP: 5/5
  1545 | D:3      | Gained mutation: Your body sometimes deteriorates upon
                  | taking damage. [potion of mutation]
  1545 | D:3      | Gained mutation: You expend magic power (3 MP) to
                  | strengthen your wands. [potion of mutation]
  1545 | D:3      | Gained mutation: Your magical capacity is low. (-10% MP)
                  | [potion of mutation]
  1545 | D:3      | Gained mutation: You are strong-willed. (Will+) [potion of
                  | mutation]
  1645 | D:3      | Noticed Grinder
  1694 | D:3      | HP: 2/38 [Grinder (4)]
  1701 | D:3      | HP: 1/38 [orc/+0 flail (10)]
  1701 | D:3      | Killed from afar by an orc wizard

Vanquished Creatures
  A centaur (D:3)
  Ijyb (D:3)
  2 adders (D:2)
  2 oozes
  A worm (D:2)
  2 dart slugs
  A leopard gecko (D:2)
  2 orcs (D:3)
  3 giant cockroaches
  3 goblins
  3 hobgoblins
  A quokka (D:2)
  4 bats (D:1)
  2 frilled lizards
  3 kobolds
  3 rats (D:1)
34 creatures vanquished.

Table legend: (Time is in decaauts)
 A = Elapsed time spent in this place.
 B = Non-inter-level travel time spent in this place.
 C = Inter-level travel time spent in this place.
 D = Time resting spent in this place.
 E = Time spent auto-exploring this place.
 F = Levels seen in this place.
 G = Mean time per level.
                   A        B        C        D        E       F      G
               +--------+--------+--------+--------+--------+-----+--------+
         Total |   1693 |   1616 |     77 |     49 |   1234 |   3 |  564.3 |
       Dungeon |   1693 |   1616 |     77 |     49 |   1234 |   3 |  564.3 |
               +--------+--------+--------+--------+--------+-----+--------+

Top non-repeatable levels by time:
     D:2: 676 daAuts
     D:1: 653 daAuts
     D:3: 363 daAuts

Table legend:
 A = Non-vault XP
 B = Vault XP
 C = Vault XP percentage of total XP
 D = Non-vault monster count
 E = Vault monster count
 F = Vault count percentage of total count
                 A         B        C        D         E       F
            +---------+---------+-------+---------+---------+-------
      Total |     209 |      33 |  13.6 |      33 |       1 |   2.9
            +---------+---------+-------+---------+---------+-------
        D:1 |      23 |       0 |   0.0 |      15 |       0 |   0.0
        D:2 |      55 |       0 |   0.0 |      12 |       0 |   0.0
        D:3 |     131 |      33 |  20.1 |       6 |       1 |  14.3
            +---------+---------+-------+---------+---------+-------
